SOL
ASHEVILLE TOURISTS @ MONTGOMERY REBELS
05/13/1981
 
TOP OF THE 1ST
Asheville Tourists batting - Pitching for Montgomery Rebels : LHP Thomas McWilliams
Pitching: LHP Thomas McWilliams
Batting: RHB Ulises Infante 0-0: Ball
1-0: Ball
2-0: Ball
3-0: Called Strike
3-1: Foul Ball, location: 2F
3-2: Strikes out looking
Batting: SHB Julio Estrada 0-0: Called Strike
0-1: Foul Ball, location: 2F
0-2: Ball
1-2: Foul Ball, location: 2F
1-2: Ball
2-2: Foul Ball, location: 2F
2-2: Ground out 5-3 (Groundball, 56S, EV 82.5 MPH)
Batting: RHB Daniel Gausepohl 0-0: Ground out 1-3 (Groundball, P, EV 83.1 MPH)
Top of the 1st over - 0 runs, 0 hits, 0 errors, 0 left on base; Asheville 0 - Montgomery 0
BOTTOM OF THE 1ST
Montgomery Rebels batting - Pitching for Asheville Tourists : LHP Ricky Horton
Pitching: LHP Ricky Horton
Batting: LHB Oscar Ramirez 0-0: SINGLE (Line Drive, 56, EV 107.5 MPH)
Batting: RHB Kevin McGann 0-0: Ball
1-0: Foul Ball, location: 2F
1-1: Ball
2-1: Foul Ball, location: 2F
2-2: Strikes out swinging
Batting: SHB Mike D Young 0-0: Called Strike
0-1: Ball
1-1: Foul Ball, location: 2F
1-2: Ground out 6-3 (Groundball, 6M, EV 90.0 MPH)
Oscar Ramirez to second
Batting: LHB Larry Ray 0-0: Ball
1-0: Called Strike
1-1: Ball
2-1: Ball
3-1: Ground out 5-3 (Groundball, 56, EV 91.3 MPH)
Bottom of the 1st over - 0 runs, 1 hit, 0 errors, 1 left on base; Asheville 0 - Montgomery 0
TOP OF THE 2ND
Asheville Tourists batting - Pitching for Montgomery Rebels : LHP Thomas McWilliams
Batting: RHB Bill Lindsey 0-0: Foul Ball, location: 2F
0-1: Ball
1-1: Ball
2-1: Ball
3-1: Called Strike
3-2: Foul Ball, location: 2F
3-2: Ground out 6-3 (Groundball, 6, EV 86.3 MPH)
Batting: RHB Steven Campbell 0-0: Ball
1-0: Ball
2-0: Swinging Strike
2-1: Ground out 1-3 (Groundball, 13, EV 66.9 MPH)
Batting: SHB Dan Hanggie 0-0: Called Strike
0-1: Foul Ball, location: 2F
0-2: Ground out 4-3 (Groundball, 4, EV 107.5 MPH)
Top of the 2nd over - 0 runs, 0 hits, 0 errors, 0 left on base; Asheville 0 - Montgomery 0
BOTTOM OF THE 2ND
Montgomery Rebels batting - Pitching for Asheville Tourists : LHP Ricky Horton
Batting: RHB Victor Saenz 0-0: Ball
1-0: Ball
2-0: Ball
3-0: Called Strike
3-1: Base on Balls
Batting: LHB Mark Bingham 0-0: Foul Ball, location: 2F
0-1: Ball
1-1: SINGLE (Groundball, 4D, EV 101.3 MPH)
Victor Saenz to second
Runner from 2nd tries for 3rd, SAFE, throw by RF made to third
Batting: SHB Raul Gonzalez 0-0: Ball
1-0: Ball
2-0: SINGLE (Groundball, 6MD, EV 101.9 MPH)
Victor Saenz scores
Mark Bingham to second
Runner from 2nd tries for 3rd, SAFE, throw by CF made to third
Batting: RHB Brian Poldberg 0-0: Called Strike
0-1: Ball
1-1: Foul Ball, location: 2F
1-2: Foul Ball, location: 2F
1-2: Ball
2-2: Ball
3-2: Reached on error, E5 (Groundball, 56, EV 85.6 MPH)
Mark Bingham scores
Raul Gonzalez to second
Batting: RHB Tom Goffena 0-0: Called Strike
Raul Gonzalez steals 3rd base
Brian Poldberg to second
0-1: Swinging Strike
0-2: Strikes out swinging
Batting: LHB Oscar Ramirez 0-0: Called Strike
0-1: Ground out U3 (Groundball, 3S, EV 61.3 MPH)
Batting: RHB Kevin McGann 0-0: Ball
1-0: Called Strike
1-1: Ball
2-1: Ground out 6-3 (Groundball, 6M, EV 95.6 MPH)
Bottom of the 2nd over - 2 runs, 2 hits, 1 error, 2 left on base; Asheville 0 - Montgomery 2
TOP OF THE 3RD
Asheville Tourists batting - Pitching for Montgomery Rebels : LHP Thomas McWilliams
Batting: RHB Wes Robbins 0-0: Called Strike
0-1: Ball
1-1: Foul Ball, location: 2F
1-2: Ball
2-2: Ball
3-2: Fly out, F8 (Flyball, 8LD, EV 88.1 MPH)
Batting: LHB Elias Nava 0-0: DOUBLE (Flyball, 8LD, EV 94.4 MPH)
Batting: RHB Jack Ramirez 0-0: Called Strike
0-1: Foul Ball, location: 2F
0-2: SINGLE (Groundball, 56D, EV 98.1 MPH)
Elias Nava to third
Runner from 3rd tries for Home, SAFE, no throw by LF
Batting: RHB Ulises Infante 0-0: Foul Ball, location: 2F
0-1: Called Strike
0-2: Foul Ball, location: 2F
0-2: Ball
1-2: Ball
2-2: Foul Ball, location: 2F
2-2: Foul Ball, location: 2F
2-2: Foul Ball, location: 2F
2-2: Ball
3-2: Ground out 4-3 (Groundball, 4, EV 86.9 MPH)
Jack Ramirez to second
Batting: SHB Julio Estrada 0-0: Ground out 6-3 (Groundball, 56, EV 110.0 MPH)
Top of the 3rd over - 1 run, 2 hits, 0 errors, 1 left on base; Asheville 1 - Montgomery 2
BOTTOM OF THE 3RD
Montgomery Rebels batting - Pitching for Asheville Tourists : LHP Ricky Horton
Batting: SHB Mike D Young 0-0: Called Strike
0-1: Ball
1-1: Foul Ball, location: 2F
1-2: Strikes out swinging
Batting: LHB Larry Ray 0-0: Called Strike
0-1: Reached on error, E4 (Groundball, 4, EV 109.4 MPH)
Batting: RHB Victor Saenz 0-0: Ball
1-0: Called Strike
1-1: Foul Ball, location: 2F
1-2: Ball
2-2: Foul Ball, location: 2F
2-2: Fielders Choice at 2nd, 6-4 (Groundball, 6, EV 78.8 MPH)
Batting: LHB Mark Bingham 0-0: Foul Ball, location: 2F
0-1: Foul Ball, location: 2F
0-2: Foul Ball, location: 2F
0-2: Ball
1-2: Strikes out looking
Bottom of the 3rd over - 0 runs, 0 hits, 1 error, 1 left on base; Asheville 1 - Montgomery 2
TOP OF THE 4TH
Asheville Tourists batting - Pitching for Montgomery Rebels : LHP Thomas McWilliams
Batting: RHB Daniel Gausepohl 0-0: Ball
1-0: Foul Ball, location: 2F
1-1: Called Strike
1-2: Ball
2-2: SINGLE (Groundball, 6S, EV 70.6 MPH) (infield hit)
Batting: RHB Bill Lindsey 0-0: Called Strike
0-1: Fly out, F7 (Flyball, 7D, EV 102.5 MPH)
Batting: RHB Steven Campbell 0-0: Ball
1-0: Ball
2-0: Ball
3-0: Called Strike
3-1: Base on Balls
Daniel Gausepohl to second
Batting: SHB Dan Hanggie 0-0: Ball
1-0: Foul Ball, location: 2F
1-1: Ball
2-1: Foul Ball, location: 2F
2-2: Ball
3-2: Base on Balls
Daniel Gausepohl to third
Steven Campbell to second
Batting: RHB Wes Robbins 0-0: Ball
1-0: Grounds into double play, 4-6-3 (Groundball, 4, EV 83.1 MPH)
Top of the 4th over - 0 runs, 1 hit, 0 errors, 2 left on base; Asheville 1 - Montgomery 2
BOTTOM OF THE 4TH
Montgomery Rebels batting - Pitching for Asheville Tourists : LHP Ricky Horton
Batting: SHB Raul Gonzalez 0-0: Ball
1-0: Ball
2-0: Called Strike
2-1: Foul Ball, location: 2F
2-2: Ball
3-2: Strikes out swinging
Batting: RHB Brian Poldberg 0-0: Ball
1-0: Foul Ball, location: 2F
1-1: Foul Ball, location: 2F
1-2: Ball
2-2: Foul Ball, location: 2F
2-2: SINGLE (Line Drive, 6D, EV 98.1 MPH)
Batting: RHB Tom Goffena 0-0: Ball
1-0: Ball
2-0: Called Strike
2-1: Swinging Strike
2-2: Ball
3-2: Base on Balls
Brian Poldberg to second
Batting: LHB Oscar Ramirez 0-0: Ball
1-0: Foul Ball, location: 2F
1-1: Ball
2-1: Foul Ball, location: 2F
2-2: Fielders Choice at 2nd, 1-6 (Groundball, P, EV 75.6 MPH)
Brian Poldberg to third
Batting: RHB Kevin McGann 0-0: Called Strike
0-1: Swinging Strike
0-2: Ball
1-2: Ball
2-2: DOUBLE (Groundball, 5L, EV 103.1 MPH)
Brian Poldberg scores
Oscar Ramirez to third
Runner from 3rd tries for Home, SAFE, throw by LF to home
Batting: SHB Mike D Young 0-0: Called Strike
0-1: Foul Ball, location: 2F
0-2: Ball
1-2: SINGLE (Line Drive, 78M, EV 85.6 MPH)
Kevin McGann to third
Runner from 3rd tries for Home, SAFE, throw by CF to home
Batting: LHB Larry Ray 0-0: Ball
1-0: Called Strike
1-1: SINGLE (Groundball, 34D, EV 105.6 MPH)
Mike D Young to second
Runner from 2nd tries for 3rd, SAFE, no throw by RF
Batting: RHB Victor Saenz 0-0: Called Strike
0-1: Swinging Strike
0-2: Foul Ball, location: 2F
0-2: Strikes out swinging
Bottom of the 4th over - 3 runs, 4 hits, 0 errors, 2 left on base; Asheville 1 - Montgomery 5
TOP OF THE 5TH
Asheville Tourists batting - Pitching for Montgomery Rebels : LHP Thomas McWilliams
Batting: LHB Elias Nava 0-0: Foul Ball, location: 2F
0-1: Ball
1-1: Swinging Strike
1-2: Foul Ball, location: 2F
1-2: Strikes out swinging
Batting: RHB Jack Ramirez 0-0: Ball
1-0: Ball
2-0: Foul Ball, location: 2F
2-1: Ball
3-1: Fly out, F8 (Flyball, 89M, EV 96.9 MPH)
Batting: RHB Ulises Infante 0-0: Called Strike
0-1: Fly out, F4 (Line Drive, 4, EV 76.9 MPH)
Top of the 5th over - 0 runs, 0 hits, 0 errors, 0 left on base; Asheville 1 - Montgomery 5
BOTTOM OF THE 5TH
Montgomery Rebels batting - Pitching for Asheville Tourists : LHP Ricky Horton
Batting: LHB Mark Bingham 0-0: Foul Ball, location: 2F
0-1: Called Strike
0-2: Foul Ball, location: 2F
0-2: Ball
1-2: Single, Error in OF, E8, batter to second base (Groundball, 6MD, EV 104.4 MPH)
Pitching: RHP Douglas Thomson
Batting: SHB Raul Gonzalez 0-0: Ground out 4-3 (Groundball, 34, EV 89.4 MPH)
Mark Bingham to third
Batting: RHB Brian Poldberg 0-0: Called Strike
0-1: Swinging Strike
0-2: Ball
1-2: Ball
2-2: Strikes out swinging
Batting: RHB Tom Goffena 0-0: Ball
1-0: Ball
Wild Pitch!
Mark Bingham scores
2-0: Ball
3-0: Base on Balls
Batting: LHB Oscar Ramirez 0-0: Ball
1-0: Called Strike
1-1: Ball
2-1: Called Strike
2-2: Ball
3-2: Base on Balls
Tom Goffena to second
Batting: RHB Kevin McGann 0-0: Ball
1-0: Fielders Choice at 2nd, 5-4 (Groundball, 5, EV 83.1 MPH)
Bottom of the 5th over - 1 run, 1 hit, 1 error, 2 left on base; Asheville 1 - Montgomery 6
TOP OF THE 6TH
Asheville Tourists batting - Pitching for Montgomery Rebels : LHP Thomas McWilliams
Batting: SHB Julio Estrada 0-0: Foul Ball, location: 2F
0-1: Fly out, F7 (Flyball, 7S, EV 92.5 MPH)
Batting: RHB Daniel Gausepohl 0-0: Ball
1-0: SINGLE (Groundball, 6MD, EV 96.3 MPH)
Batting: RHB Bill Lindsey 0-0: Ball
1-0: Ball
2-0: Called Strike
2-1: Ball
3-1: Called Strike
3-2: Foul Ball, location: 2F
3-2: SINGLE (Groundball, 34D, EV 102.5 MPH)
Daniel Gausepohl to second
Daniel Gausepohl to third
Batting: RHB Steven Campbell 0-0: Fly out, F4 (Popup, 34S, EV 68.8 MPH)
Batting: SHB Dan Hanggie 0-0: Ball
1-0: Foul Ball, location: 2F
1-1: Foul Ball, location: 2F
1-2: Ball
2-2: Foul Ball, location: 2F
2-2: Ground out 4-3 (Groundball, 34D, EV 81.3 MPH)
Top of the 6th over - 0 runs, 2 hits, 0 errors, 2 left on base; Asheville 1 - Montgomery 6
BOTTOM OF THE 6TH
Montgomery Rebels batting - Pitching for Asheville Tourists : RHP Douglas Thomson
Batting: SHB Mike D Young 0-0: Ball
1-0: Called Strike
1-1: Ball
2-1: Fly out, F7 (Line Drive, 7, EV 91.3 MPH)
Batting: LHB Larry Ray 0-0: Ball
1-0: Ball
2-0: Ball
3-0: Base on Balls
Batting: RHB Victor Saenz 0-0: Ball
Larry Ray steals 2nd base (no throw)
1-0: Ball
2-0: Foul Ball, location: 2F
2-1: Ball
3-1: Base on Balls
Batting: LHB Mark Bingham 0-0: Called Strike
0-1: Swinging Strike
0-2: Ball
1-2: Strikes out swinging
Batting: SHB Raul Gonzalez 0-0: Ball
1-0: Ball
2-0: Called Strike
2-1: Foul Ball, location: 2F
2-2: Fly out, F8 (Line Drive, 8RM, EV 98.1 MPH)
Bottom of the 6th over - 0 runs, 0 hits, 0 errors, 2 left on base; Asheville 1 - Montgomery 6
TOP OF THE 7TH
Asheville Tourists batting - Pitching for Montgomery Rebels : LHP Thomas McWilliams
Batting: RHB Wes Robbins 0-0: DOUBLE (Line Drive, 78D, EV 112.5 MPH)
Batting: LHB Elias Nava 0-0: Ball
1-0: Ball
2-0: Ball
3-0: Called Strike
3-1: Called Strike
3-2: SINGLE (Groundball, 4MD, EV 95.0 MPH)
Wes Robbins to third
Batting: RHB Jack Ramirez 0-0: Called Strike
0-1: Fielders Choice at 2nd, 5-4 (Groundball, 5, EV 79.4 MPH)
Wes Robbins scores
Batting: RHB Ulises Infante 0-0: Ball
Jack Ramirez is caught stealing 2nd base 2-4
1-0: Called Strike
1-1: Ball
2-1: Ball
3-1: Called Strike
3-2: Base on Balls
Batting: SHB Julio Estrada 0-0: Ball
1-0: Ball
2-0: Foul Ball, location: 2F
2-1: Foul Ball, location: 2F
2-2: Fly out, F8 (Flyball, 8LM, EV 88.8 MPH)
Top of the 7th over - 1 run, 2 hits, 0 errors, 1 left on base; Asheville 2 - Montgomery 6
BOTTOM OF THE 7TH
Montgomery Rebels batting - Pitching for Asheville Tourists : RHP Douglas Thomson
Batting: RHB Brian Poldberg 0-0: Ball
1-0: Foul Ball, location: 2F
1-1: Ball
2-1: SINGLE (Groundball, 6MD, EV 100.6 MPH)
Batting: RHB Tom Goffena 0-0: Sac Bunt to 15 - play at first, batter OUT! 1-3
Brian Poldberg to second
Batting: LHB Oscar Ramirez 0-0: SINGLE (Groundball, 25, EV 61.3 MPH) (infield hit)
Brian Poldberg to third
Batting: RHB Kevin McGann 0-0: Foul Ball, location: 2F
0-1: Swinging Strike
0-2: Foul Ball, location: 2F
0-2: SINGLE (Groundball, 4D, EV 100.0 MPH)
Brian Poldberg scores
Oscar Ramirez to second
Runner from 2nd tries for 3rd, SAFE, throw by RF made to third
Batting: SHB Mike D Young 0-0: Ball
1-0: Called Strike
1-1: Ball
2-1: Called Strike
2-2: Ball
3-2: Foul Ball, location: 2F
3-2: Foul Ball, location: 2F
3-2: Fly out, F7 (Flyball, 7D, EV 98.1 MPH)
Runner from 3rd tags up, SCORES, no throw by LF
Batting: LHB Larry Ray 0-0: Called Strike
0-1: Ball
1-1: Ball
2-1: Ball
3-1: Foul Ball, location: 2F
3-2: Strikes out swinging
Bottom of the 7th over - 2 runs, 3 hits, 0 errors, 1 left on base; Asheville 2 - Montgomery 8
TOP OF THE 8TH
Asheville Tourists batting - Pitching for Montgomery Rebels : LHP Thomas McWilliams
Batting: RHB Daniel Gausepohl 0-0: Called Strike
0-1: Ball
1-1: Foul Ball, location: 2F
1-2: Strikes out swinging
Batting: RHB Bill Lindsey 0-0: Fly out, F8 (Line Drive, 8LD, EV 89.4 MPH)
Batting: RHB Steven Campbell 0-0: Swinging Strike
0-1: Called Strike
0-2: Ground out 4-3 (Groundball, 4, EV 87.5 MPH)
Top of the 8th over - 0 runs, 0 hits, 0 errors, 0 left on base; Asheville 2 - Montgomery 8
BOTTOM OF THE 8TH
Montgomery Rebels batting - Pitching for Asheville Tourists : RHP Douglas Thomson
Batting: RHB Victor Saenz 0-0: Ball
1-0: Ball
2-0: Ball
3-0: Base on Balls
Batting: LHB Mark Bingham 0-0: Called Strike
0-1: Fly out, F9 (Flyball, 9, EV 95.6 MPH)
Batting: SHB Raul Gonzalez 0-0: Ball
1-0: Fly out, F8 (Flyball, 8RS, EV 87.5 MPH)
Batting: RHB Brian Poldberg 0-0: Swinging Strike
0-1: Ground out 1-3 (Groundball, 13, EV 64.4 MPH)
Bottom of the 8th over - 0 runs, 0 hits, 0 errors, 1 left on base; Asheville 2 - Montgomery 8
TOP OF THE 9TH
Asheville Tourists batting - Pitching for Montgomery Rebels : LHP Thomas McWilliams
Batting: SHB Dan Hanggie 0-0: Ball
1-0: Called Strike
1-1: Ball
2-1: Ball
3-1: Called Strike
3-2: Foul Ball, location: 2F
3-2: Foul Ball, location: 2F
3-2: Base on Balls
Batting: RHB Wes Robbins 0-0: Swinging Strike
0-1: DOUBLE (Flyball, 89D, EV 100.0 MPH)
Dan Hanggie to third
Batting: LHB Elias Nava 0-0: Ball
1-0: Foul Ball, location: 2F
1-1: Ball
2-1: Ball
3-1: Ground out 1-3 (Groundball, 23, EV 81.9 MPH)
Batting: RHB Jack Ramirez 0-0: Ball
1-0: Called Strike
1-1: Ground out 5-3 (Groundball, 56S, EV 81.3 MPH)
Dan Hanggie scores
Pitching: RHP Tony Tinoco
Batting: RHB Ulises Infante 0-0: Ball
1-0: Ball
2-0: Ball
3-0: Called Strike
3-1: Swinging Strike
3-2: Base on Balls
Batting: SHB Julio Estrada 0-0: Swinging Strike
0-1: Swinging Strike
0-2: Foul Ball, location: 2F
0-2: Foul Ball, location: 2F
0-2: Fly out, F9 (Flyball, 9S, EV 86.9 MPH)
Top of the 9th over - 1 run, 1 hit, 0 errors, 2 left on base; Asheville 3 - Montgomery 8
Sunday, June 21st, 2020 - OOTP Baseball 21.4 Build 63